 Dungeon Crawl Stone Soup version 0.22-a0-443-g17c3723 (webtiles) character file.

5 KristoblXynda the Sneak (level 1, -2/9 HPs)
             Began as a Spriggan Enchanter on May 30, 2018.
             Slain by a kobold
             ... wielding a +0 whip
              (4 damage)
             ... on level 1 of the Dungeon on May 31, 2018.
             The game lasted 00:01:23 (112 turns).

KristoblXynda the Sneak (Spriggan Enchanter)         Turns: 112, Time: 00:01:24

Health: -2/9       AC:  2    Str:  4    XL:     1   Next: 66%
Magic:  5/5        EV: 18    Int: 16    God:
Gold:   30         SH:  0    Dex: 16    Spells: 4/5 levels left

rFire    . . .     SeeInvis +   c - +0 short sword (speed)
rCold    . . .     Gourm    .   (shield restricted)
rNeg     . . .     Faith    .   b - +0 robe
rPois    .         Spirit   .   (helmet restricted)
rElec    .         Reflect  .   (no cloak)
rCorr    .         Harm     .   (gloves unavailable)
MR       .....                  (boots unavailable)
Stlth    +++.......             (no amulet)
HPRegen  0.03/turn              (no ring)
MPRegen  0.09/turn              (no ring)

@: very quick
A: very small, unfitting armour, see invisible, herbivore, speed 3, slow
metabolism 2
a: no special abilities


You were on level 1 of the Dungeon.
You were not hungry.

You visited 1 branch of the dungeon, and saw 1 of its levels.

You collected 30 gold pieces.

Inventory:

Hand Weapons
 a - a +1 dagger
 c - a +0 short sword of speed (weapon)
Armour
 b - a +0 robe (worn)
Comestibles
 d - a ration


   Skills:
 - Level 1.1 Short Blades
 - Level 3.0 Dodging
 + Level 4.6 Stealth
 + Level 2.9 Spellcasting
 + Level 3.8 Hexes


You had 4 spell levels left.
You knew the following spells:

 Your Spells              Type           Power        Failure   Level  Hunger
a - Corona                Hex            ##.....      4%          1    #......

Your spell library contained the following spells:

 Spells                   Type           Power        Failure   Level  Hunger
 Confuse                  Hex            ##......     12%         3    ###....
 Tukima's Dance           Hex            ##......     12%         3    ###....
 Ensorcelled Hibernation  Hex/Ice        #.....       13%         2    ##.....
 Dazzling Spray           Conj/Hex       #.....       26%         3    ###....


Dungeon Overview and Level Annotations

Branches:
Dungeon (1/15)

Altars:


Innate Abilities, Weirdness & Mutations

You are very small and have problems with some larger weapons.
You are too small for most types of armour.
You have supernaturally acute eyesight. (SInv)
You are a herbivore.
You cover ground extremely quickly.
You need to consume almost no food.


Message History

c - a short sword of speed The ball python barely misses you. x3; The ball python closely misses you.
Wield which item (- for none, * to show all)? (? for menu, Esc to quit)
Your hands tingle!
c - a +0 short sword of speed (weapon)
You hit the ball python.
You kill the ball python!
A bat, an ooze and a goblin come into view.
The kobold barely misses you.
The bat moves out of view.
Found a club.
You see here a ball python corpse.
You closely miss the kobold.
The ooze quivers.
The kobold misses you.
You closely miss the kobold. You hit the kobold but do no damage.
The kobold hits you with a whip.
* * * LOW HITPOINT WARNING * * *
The kobold misses you.
You hit the kobold but do no damage. The kobold hits you with a whip.
You die...

. . .### ). ... .. ..#
#.###.# #. .J.).#
##..###..####.#
#.......gK@...# ##
##.###.b###### . #........#
# #####..#.##### ####
######......... ...
..........##### #
#######...# # ..#######.$.##
############
.............####...........


You could see an ooze, a goblin, a bat and a kobold.

Vanquished Creatures
  A ball python (D:1)
  2 bats (D:1)
  A kobold (D:1)
4 creatures vanquished.

Notes
Turn   | Place    | Note
-------+----------+-------------------------------------------
     0 | D:1      | KristoblXynda the Spriggan Enchanter began the quest for the Orb.
     0 | D:1      | Reached XP level 1. HP: 9/9 MP: 5/5
     0 | D:1      | Upgraded the game from 0.22-a0-441-gcf5b0c6 to 0.22-a0-443-g17c3723
   112 | D:1      | Slain by a kobold

Vault maps used:
D:1:      minmay_arrival_nine_rooms

Action                   || total
-------------------------++-------
Melee: Dagger            ||     8
       Short sword       ||     5
 Stab: Sleeping          ||     1
Armor: Robe              ||     1
Dodge: Dodged            ||    13

Table legend:
 A = Spawn XP
 B = Non-spawn XP
 C = Spawn XP percentage of total XP
 D = Spawn monster count
 E = Non-spawn monster count
 F = Spawn count percentage of total count
 G = Total turns spent on level
                    A         B        C        D         E        F      G
               +---------+---------+-------+---------+---------+-------+---------
         Total |       0 |       8 |   0.0 |       0 |       4 |   0.0 |   112
               +---------+---------+-------+---------+---------+-------+---------
           D:1 |       0 |       8 |   0.0 |       0 |       4 |   0.0 |   112
               +---------+---------+-------+---------+---------+-------+---------
